 Dungeon Crawl Stone Soup version 0.28.0-43-g3370ac3207 (webtiles) character file.

Game seed: 15306125780544175261

189 Revguard the Vexing (level 5, -11/29 HPs)
             Began as a Deep Elf Enchanter on Mar 18, 2022.
             Killed by divine providence
             ... invoked by an orc priest
              (13 damage)
             ... on level 4 of the Dungeon.
             The game lasted 00:14:37 (3884 turns).

Revguard the Vexing (Deep Elf Enchanter)            Turns: 3884, Time: 00:14:37

Health: -11/29     AC:  3    Str:  7    XL:     5   Next: 40%
Magic:  7/11       EV: 13    Int: 20    God:
Gold:   79         SH:  0    Dex: 17    Spells: 1/12 levels left

rFire   + . .      SeeInvis .   k - +2 dagger (drain)
rCold   . . .      Faith    .   (no shield)
rNeg    . . .      Spirit   .   b - +0 robe
rPois   .          Reflect  .   (no helmet)
rElec   .          Harm     .   e - +0 cloak
rCorr   .          Rampage  .   (no gloves)
Will    .....                   (no boots)
Stlth   +++.......              (no amulet)
HPRegen 0.09/turn               h - ring of protection from fire
MPRegen 0.12/turn               (no ring)

@: brilliant
A: low MP 1, strong 1
a: no special abilities


You were on level 4 of the Dungeon.
You visited 1 branch of the dungeon, and saw 4 of its levels.

You collected 79 gold pieces.

Inventory:

Hand Weapons
 a - a +2 dagger
 k - a +2 dagger of draining (weapon)
Armour
 b - a +0 robe (worn)
 e - a +0 cloak (worn)
Jewellery
 h - a ring of protection from fire (left hand)
Wands
 g - a wand of flame (22)
Scrolls
 d - 2 scrolls of identify
 i - a scroll of noise
 j - a scroll of fog
 n - a scroll of brand weapon {unknown}
Potions
 f - a potion of flight
 m - 2 potions of brilliance


   Skills:
 + Level 1.2 Fighting
 + Level 2.0 Short Blades
 + Level 3.3 Dodging
 + Level 4.3 Stealth
 + Level 4.0 Spellcasting
 + Level 0.4 Conjurations
 + Level 4.7 Hexes
 + Level 1.5 Ice Magic
 + Level 0.6 Earth Magic
 + Level 1.1 Evocations


You had one spell level left.
You knew the following spells:

 Your Spells              Type           Power      Damage    Failure   Level
a - Ensorcelled Hibernat  Hex/Ice        48%        N/A       5%          2
b - Confusing Touch       Hex            34%        N/A       5%          3
c - Tukima's Dance        Hex            34%        N/A       5%          3
d - Dazzling Flash        Conj/Hex       42%        N/A       14%         3

Your spell library contained the following spells:

 Spells                   Type           Power      Damage    Failure   Level
 Foxfire                  Conj/Fire      28%        2x1d5     12%         1
 Inner Flame              Hex/Fire       20%        N/A       14%         3
 Conjure Flame            Conj/Fire      7%         6-21      34%         3
 Flame Wave               Conj/Fire      7%         2d5       75%         4


Dungeon Overview and Level Annotations

Branches:
Dungeon (4/15)
 Temple: D:4-7

Altars:
Cheibriados
Qazlal
Uskayaw


Innate Abilities, Weirdness & Mutations

Your magical capacity is low. (-10% MP)
Your muscles are strong. (Str +2)


Message History

Casting: Ensorcelled Hibernation (safe; 5% risk of failure)
Confirm with . or Enter, or press ? or * to list all spells.
Aiming: Ensorcelled Hibernation (safe; 5% risk of failure)
Press: ? - help, Shift-Dir - straight line, f - orc priest
Aim: an orc priest, wielding a +0 dagger (chance to affect: 50%)
The orc priest looks drowsy...
The orc priest closely misses you.
The orc priest shouts!
You hit the orc priest. You drain the orc priest.
The orc priest is heavily wounded.
You hear a shout!
The orc priest looks braver for a moment.
The orc priest hits you with a +0 short sword.
You hear a shout!
Casting: Ensorcelled Hibernation (safe; 5% risk of failure)
Confirm with . or Enter, or press ? or * to list all spells.
Aiming: Ensorcelled Hibernation (safe; 5% risk of failure)
Press: ? - help, Shift-Dir - straight line, f - orc priest, p - orc priest
Aim: an orc priest, wielding a +0 short sword (chance to affect: 50%)
The orc priest resists with some effort.
The orc priest calls upon Beogh to heal the orc priest.
The orc priest is healed somewhat.
The orc priest hits you but does no damage.
You hit the orc priest.
The orc priest is moderately wounded.
The orc priest hits you but does no damage.
The orc priest hits you with a +0 short sword.
You hit the orc priest. You drain the orc priest.
The orc priest is severely wounded.
The orc priest calls down the wrath of Beogh upon you.
Beogh smites you!
The orc priest mumbles some strange prayers to Beogh against you.
Pain shoots through your body!
* * * LOW HITPOINT WARNING * * *
It was a potion of brilliance.
You feel clever all of a sudden.
The orc priest hits you but does no damage.
The orc priest mumbles some strange prayers to Beogh against you.
Beogh smites you!
You die...

#. #. .. #. o..
######.#######...
####....#.o.........
#...(...#..........
###.##....##.oo......
#.........##$@..##
#.#######.##.....#
#.# ### #)##...[.#
#.#######).......#
#...+_+...((.....#
#.###+###..>.....#
#.# #.# #..#..######
#.###.###.##..#....#
#.............#....#


You could see 2 orc priests and an orc.

Vanquished Creatures
  An orc priest (D:4)
  An iguana (D:3)
  A hound skeleton (D:4)
  A howler monkey zombie (D:4)
  4 adders
  2 worms
  10 orcs
  4 endoplasms
  7 goblins
  3 hobgoblins
  A kobold (D:3)
  5 quokkas
  4 ball pythons
  5 bats
  A frilled lizard (D:2)
  8 rats
58 creatures vanquished.

Vanquished Creatures (collateral kills)
  2 orcs (D:3)
2 creatures vanquished.

Vanquished Creatures (others)
  2 dancing weapons
2 creatures vanquished.

Grand Total: 62 creatures vanquished

Notes
Turn   | Place    | Note
-------+----------+-------------------------------------------
     0 | D:1      | Revguard the Deep Elf Enchanter began the quest for the
                  | Orb.
     0 | D:1      | Reached XP level 1. HP: 10/10 MP: 6/6
   187 | D:1      | Found a faded altar of an unknown god.
   396 | D:1      | Reached XP level 2. HP: 13/15 MP: 8/8
   404 | D:1      | Learned a level 2 spell: Ensorcelled Hibernation
   715 | D:1      | You fall into a shaft and drop 1 floor!
  1039 | D:1      | Gained mutation: Your magical capacity is low. (-10% MP)
                  | [potion of mutation]
  1039 | D:1      | Gained mutation: Your muscles are strong. (Str +2) [potion
                  | of mutation]
  1333 | D:2      | Reached XP level 3. HP: 18/20 MP: 3/9
  1431 | D:2      | Learned a level 3 spell: Confusing Touch
  1435 | D:2      | Learned a level 3 spell: Tukima's Dance
  2093 | D:3      | Reached skill level 1 in Ice Magic
  2093 | D:3      | Reached XP level 4. HP: 24/24 MP: 10/10
  2149 | D:3      | Reached skill level 1 in Fighting
  2183 | D:3      | Found a stormy altar of Qazlal.
  2185 | D:3      | Found a snail-covered altar of Cheibriados.
  3377 | D:4      | Reached XP level 5. HP: 24/29 MP: 2/11
  3381 | D:4      | Learned a level 3 spell: Dazzling Flash
  3467 | D:4      | Reached skill level 1 in Evocations
  3600 | D:4      | Found a hide-covered altar of Uskayaw.
  3884 | D:4      | Killed from afar by an orc priest

Illustrated notes

Levels and vault maps discovered:
D:1:      shiori_shiawase, layout_loops_ring, shapermc_ecumenical_altar_gd,
          corner_web_ring
D:2:      layout_loops_ring, grunt_decor_fettered
D:3:      layout_basic, gammafunk_temple_overflow_pools, minivault_4,
          minmay_misc_feat_tiny
D:4:      layout_gridville, lemuel_doored_altar, serial_shops,
          nicolae_stop_n_shop_1

Skill      XL: |  1  2  3  4  5 |
---------------+----------------+-----
Stealth        | 4 |  4.3
Dodging        | 3 |  3.3
Ice Magic      | 1 |  1.5
Fighting       | 1 |  1.2
Evocations     | 1 |  1.1
Short Blades   | 2 |  2.0
Spellcasting   | 4 |  4.0
Conjurations   | |  0.4
Hexes          | |  4.7
Earth Magic    | |  0.6

Action                   |  1- 3 |  4- 6 || total
-------------------------+-------+-------++-------
Melee: Dagger            |    43 |    75 ||   118
 Cast: Ensorcelled Hiber |    15 |    27 ||    42
       Tukima's Dance    |       |     4 ||     4
       Confusing Touch   |       |     2 ||     2
Evoke: Wand              |       |     1 ||     1
  Use: Potion            |     3 |     3 ||     6
       Scroll            |     3 |     3 ||     6
 Stab: Sleeping          |    22 |    20 ||    42
       Confused          |       |     1 ||     1
       Invisible         |       |     1 ||     1
Armor: Robe              |     3 |    17 ||    20
Dodge: Dodged            |    15 |    53 ||    68
